TOP OF THE 1ST |
San Antonio Missions batting - Pitching for Colorado (EL) Rockies : RHP Iehohs Inatho
|
Pitching: RHP Iehohs Inatho
|
|
Batting: RHB Dave McBain
|
0-0: Called Strike 0-1: Foul Ball, location: 2F 0-2: Ball 1-2: Strikes out looking
|
Batting: RHB Freddie Brown
|
0-0: Foul Ball, location: 2F 0-1: Ground out 6-3 (Groundball, 6, EV 80.6 MPH)
|
Batting: LHB Matt Patnaude
|
0-0: Ball 1-0: Ball 2-0: Ground out 6-3 (Groundball, 4S, EV 80.0 MPH)
|
Top of the 1st over - 0 runs, 0 hits, 0 errors, 0 left on base; San Antonio 0 - Colorado (EL) 0 |
BOTTOM OF THE 1ST |
Colorado (EL) Rockies batting - Pitching for San Antonio Missions : RHP Bill Jacobs
|
Pitching: RHP Bill Jacobs
|
|
Batting: LHB Nick Martin
|
0-0: Ball 1-0: Swinging Strike 1-1: Called Strike 1-2: Strikes out swinging
|
Batting: RHB Matviy Oliynyk
|
0-0: SINGLE (Line Drive, 5D, EV 102.5 MPH)
|
Batting: SHB Jeff Sorrels
|
0-0: Ball 1-0: Fielders Choice at 2nd, 4-6 (Groundball, 3, EV 83.8 MPH)
|
Batting: LHB Daniel Green
|
0-0: Ball 1-0: Ball 2-0: Foul Ball, location: 2F 2-1: TRIPLE (Groundball, 3L, EV 108.8 MPH) Jeff Sorrels scores
|
Batting: RHB Ray Insley
|
0-0: Ball 1-0: Ball 2-0: SINGLE (Line Drive, 89S, EV 92.5 MPH) Daniel Green scores
|
Batting: RHB Willie Benito
|
0-0: Swinging Strike 0-1: Ball 1-1: Called Strike 1-2: Foul Ball, location: 2F 1-2: Foul Ball, location: 2F 1-2: Ball 2-2: Foul Ball, location: 2F 2-2: SINGLE (Groundball, 6D, EV 108.1 MPH) Ray Insley to second Runner from 2nd tries for 3rd, SAFE, throw by LF made to third
|
Batting: RHB Yamashita Yagi
|
0-0: Ball 1-0: Ball 2-0: Ball 3-0: Base on Balls Willie Benito to second
|
Batting: LHB Iehohs Inatho
|
0-0: Ball 1-0: Foul Ball, location: 2F 1-1: TRIPLE (Flyball, 78XD, EV 99.4 MPH) Ray Insley scores Willie Benito scores Yamashita Yagi scores
|
Batting: SHB Justin Jackson
|
0-0: Ball 1-0: Ball 2-0: Called Strike 2-1: Called Strike 2-2: Foul Ball, location: 2F 2-2: Foul Ball, location: 2F 2-2: Fly out, F8 (Line Drive, 78D, EV 88.1 MPH)
|
Bottom of the 1st over - 5 runs, 5 hits, 0 errors, 1 left on base; San Antonio 0 - Colorado (EL) 5 |
TOP OF THE 2ND |
San Antonio Missions batting - Pitching for Colorado (EL) Rockies : RHP Iehohs Inatho
|
Batting: RHB Cesar Ortega
|
0-0: Swinging Strike 0-1: Called Strike 0-2: Strikes out looking
|
Batting: RHB Jaden Scott
|
0-0: Ball 1-0: Called Strike 1-1: Ball 2-1: Ball 3-1: Base on Balls
|
Batting: RHB Joe Weissman
|
0-0: Ball 1-0: Called Strike 1-1: Ball 2-1: Foul Ball, location: 2F 2-2: Foul Ball, location: 2F 2-2: Ball 3-2: Base on Balls Jaden Scott to second
|
Batting: RHB Adrian Martinelli
|
0-0: Ball 1-0: Grounds into double play, 6-4-3 (Groundball, 6, EV 83.8 MPH)
|
Top of the 2nd over - 0 runs, 0 hits, 0 errors, 1 left on base; San Antonio 0 - Colorado (EL) 5 |
BOTTOM OF THE 2ND |
Colorado (EL) Rockies batting - Pitching for San Antonio Missions : RHP Bill Jacobs
|
Batting: LHB Nick Martin
|
0-0: Ball 1-0: Ground out U3 (Groundball, 3L, EV 101.2 MPH)
|
Batting: RHB Matviy Oliynyk
|
0-0: Ball 1-0: Ball 2-0: Ground out 5-3 (Groundball, 5L, EV 81.2 MPH)
|
Batting: SHB Jeff Sorrels
|
0-0: Ball 1-0: Swinging Strike 1-1: Ball 2-1: Swinging Strike 2-2: Strikes out looking
|
Bottom of the 2nd over - 0 runs, 0 hits, 0 errors, 0 left on base; San Antonio 0 - Colorado (EL) 5 |
TOP OF THE 3RD |
San Antonio Missions batting - Pitching for Colorado (EL) Rockies : RHP Iehohs Inatho
|
Batting: RHB David Aguilar
|
0-0: Fly out, F9 (Line Drive, 9S, EV 105.6 MPH)
|
Batting: LHB Josh Slusarczyk
|
0-0: Ball 1-0: SINGLE (Groundball, 13S, EV 71.2 MPH) (infield hit)
|
Batting: RHB Dave McBain
|
0-0: SINGLE (Groundball, 4MD, EV 106.2 MPH) Josh Slusarczyk to second Runner from 2nd tries for 3rd, SAFE, no throw by CF
|
Batting: RHB Freddie Brown
|
0-0: Called Strike Dave McBain steals 2nd base 0-1: Ball 1-1: Ball 2-1: Foul Ball, location: 2F 2-2: Foul Ball, location: 2F 2-2: Ground out 6-3 (Groundball, 6S, EV 88.8 MPH) Josh Slusarczyk scores Dave McBain to third
|
Batting: LHB Matt Patnaude
|
0-0: Called Strike 0-1: Swinging Strike 0-2: Foul Ball, location: 2F 0-2: Ball 1-2: Foul Ball, location: 2F 1-2: Ball 2-2: Ball 3-2: Strikes out swinging
|
Top of the 3rd over - 1 run, 2 hits, 0 errors, 1 left on base; San Antonio 1 - Colorado (EL) 5 |
BOTTOM OF THE 3RD |
Colorado (EL) Rockies batting - Pitching for San Antonio Missions : RHP Bill Jacobs
|
Batting: LHB Daniel Green
|
0-0: Ball 1-0: Ball 2-0: Ball 3-0: Called Strike 3-1: Called Strike 3-2: Base on Balls
|
Batting: RHB Ray Insley
|
0-0: Called Strike Daniel Green steals 2nd, throwing error, E2 Daniel Green to third 0-1: SINGLE (Line Drive, 6D, EV 98.1 MPH) Daniel Green scores
|
Pitching: LHP Dan Gatlin
|
|
Batting: RHB Willie Benito
|
0-0: Ball 1-0: Called Strike 1-1: Ball 2-1: Ball 3-1: Base on Balls Ray Insley to second
|
Batting: RHB Yamashita Yagi
|
0-0: Ball 1-0: Ball 2-0: Ball 3-0: Base on Balls Ray Insley to third Willie Benito to second
|
Batting: LHB Iehohs Inatho
|
0-0: Called Strike 0-1: Ball 1-1: Called Strike 1-2: Ball 2-2: Foul Ball, location: 2F 2-2: Strikes out swinging
|
Batting: SHB Justin Jackson
|
0-0: Ball 1-0: Called Strike 1-1: Called Strike 1-2: Fly out, F4 (Line Drive, 4D, EV 70.0 MPH)
|
Batting: LHB Nick Martin
|
0-0: Called Strike 0-1: Called Strike 0-2: Ball 1-2: Strikes out swinging
|
Bottom of the 3rd over - 1 run, 1 hit, 1 error, 3 left on base; San Antonio 1 - Colorado (EL) 6 |
TOP OF THE 4TH |
San Antonio Missions batting - Pitching for Colorado (EL) Rockies : RHP Iehohs Inatho
|
Batting: RHB Cesar Ortega
|
0-0: Fly out, F8 (Flyball, 8LXD, EV 90.0 MPH)
|
Batting: RHB Jaden Scott
|
0-0: Fly out, F8 (Line Drive, 8LM, EV 95.6 MPH)
|
Batting: RHB Joe Weissman
|
0-0: Called Strike 0-1: Fly out, F6 (Flyball, 6D, EV 92.5 MPH)
|
Top of the 4th over - 0 runs, 0 hits, 0 errors, 0 left on base; San Antonio 1 - Colorado (EL) 6 |
BOTTOM OF THE 4TH |
Colorado (EL) Rockies batting - Pitching for San Antonio Missions : LHP Dan Gatlin
|
Batting: RHB Matviy Oliynyk
|
0-0: Ball 1-0: Ball 2-0: Foul Ball, location: 2F 2-1: Swinging Strike 2-2: Strikes out looking
|
Batting: SHB Jeff Sorrels
|
0-0: Ball 1-0: Ball 2-0: Called Strike 2-1: Foul Ball, location: 2F 2-2: Ground out 5-3 (Groundball, 56S, EV 78.8 MPH)
|
Batting: LHB Daniel Green
|
0-0: Ball 1-0: Ball 2-0: Called Strike 2-1: Ground out 1-3 (Groundball, 15S, EV 77.5 MPH)
|
Bottom of the 4th over - 0 runs, 0 hits, 0 errors, 0 left on base; San Antonio 1 - Colorado (EL) 6 |
TOP OF THE 5TH |
San Antonio Missions batting - Pitching for Colorado (EL) Rockies : RHP Iehohs Inatho
|
Batting: RHB Adrian Martinelli
|
0-0: Ground out U3 (Groundball, 34, EV 97.5 MPH)
|
Batting: RHB David Aguilar
|
0-0: Ball 1-0: Ball 2-0: Ball 3-0: Called Strike 3-1: Base on Balls
|
Batting: LHB Josh Slusarczyk
|
0-0: Foul Ball, location: 2F 0-1: Foul Ball, location: 2F 0-2: Ball 1-2: Ball 2-2: Strikes out swinging
|
Batting: RHB Dave McBain
|
0-0: Called Strike 0-1: Called Strike 0-2: Strikes out swinging
|
Top of the 5th over - 0 runs, 0 hits, 0 errors, 1 left on base; San Antonio 1 - Colorado (EL) 6 |
BOTTOM OF THE 5TH |
Colorado (EL) Rockies batting - Pitching for San Antonio Missions : LHP Dan Gatlin
|
Batting: RHB Ray Insley
|
0-0: Called Strike 0-1: Ball 1-1: Called Strike 1-2: SINGLE (Flyball, 34D, EV 88.8 MPH)
|
Batting: RHB Willie Benito
|
0-0: Ground out 4-3 (Groundball, 4S, EV 77.5 MPH) Ray Insley to second
|
Batting: RHB Yamashita Yagi
|
0-0: Called Strike 0-1: Ball 1-1: Called Strike 1-2: Ball 2-2: Ball 3-2: Base on Balls
|
Batting: LHB Iehohs Inatho
|
0-0: Called Strike 0-1: Foul Ball, location: 2F 0-2: Ball 1-2: Ball Wild Pitch! Ray Insley to third Yamashita Yagi to second 2-2: SINGLE (Groundball, 6MD, EV 99.4 MPH) Ray Insley scores Yamashita Yagi to third Runner from 3rd tries for Home, SAFE, throw by CF to home
|
Batting: SHB Justin Jackson
|
0-0: Ball 1-0: Fielders Choice at 2nd, 6-4 (Groundball, 6, EV 91.9 MPH)
|
Batting: LHB Nick Martin
|
0-0: Ball 1-0: Swinging Strike 1-1: Foul Ball, location: 2F 1-2: Ball Pickoff Throw by Catcher to First - Error! E2 Justin Jackson to second 2-2: Foul Ball, location: 2F 2-2: Foul Ball, location: 2F 2-2: Foul Ball, location: 2F 2-2: Fly out, F7 (Flyball, 78M, EV 95.6 MPH)
|
Bottom of the 5th over - 2 runs, 2 hits, 1 error, 1 left on base; San Antonio 1 - Colorado (EL) 8 |
TOP OF THE 6TH |
San Antonio Missions batting - Pitching for Colorado (EL) Rockies : RHP Iehohs Inatho
|
Batting: RHB Freddie Brown
|
0-0: Ball 1-0: Called Strike 1-1: Ball 2-1: Swinging Strike 2-2: Ball 3-2: Strikes out looking
|
Batting: LHB Matt Patnaude
|
0-0: Ball 1-0: Ball 2-0: Foul Ball, location: 2F 2-1: Swinging Strike 2-2: Ball 3-2: Strikes out looking
|
Batting: RHB Cesar Ortega
|
0-0: Swinging Strike 0-1: Ball 1-1: Fly out, F7 (Flyball, 78M, EV 81.2 MPH)
|
Top of the 6th over - 0 runs, 0 hits, 0 errors, 0 left on base; San Antonio 1 - Colorado (EL) 8 |
BOTTOM OF THE 6TH |
Colorado (EL) Rockies batting - Pitching for San Antonio Missions : LHP Dan Gatlin
|
Pitching: RHP Chad Norris
|
|
Batting: RHB Matviy Oliynyk
|
0-0: Called Strike 0-1: Foul Ball, location: 2F 0-2: Ball 1-2: Ball 2-2: Fly out, F9 (Flyball, 9LS, EV 79.4 MPH)
|
Batting: SHB Jeff Sorrels
|
0-0: Ground out 6-3 (Groundball, 4, EV 108.1 MPH)
|
Batting: LHB Daniel Green
|
0-0: Ball 1-0: Fly out, F4 (Popup, 3D, EV 50.0 MPH)
|
Bottom of the 6th over - 0 runs, 0 hits, 0 errors, 0 left on base; San Antonio 1 - Colorado (EL) 8 |
TOP OF THE 7TH |
San Antonio Missions batting - Pitching for Colorado (EL) Rockies : RHP Iehohs Inatho
|
Batting: RHB Jaden Scott
|
0-0: Ball 1-0: Swinging Strike 1-1: Ball 2-1: Ball 3-1: Base on Balls
|
Batting: RHB Joe Weissman
|
0-0: Called Strike 0-1: Ball 1-1: Ball 2-1: Ball Jaden Scott steals 2nd base (no throw) 3-1: Base on Balls
|
Batting: RHB Adrian Martinelli
|
0-0: Fly out, F8 (Flyball, 8LM, EV 88.1 MPH)
|
Batting: RHB David Aguilar
|
0-0: Ball 1-0: Ball 2-0: Ball 3-0: Called Strike 3-1: Foul Ball, location: 2F 3-2: Foul Ball, location: 2F 3-2: Fly out, F8 (Line Drive, 8LD, EV 95.0 MPH) Runner from 2nd tags up, SAFE at 3rd with throw by CF
|
Pitching: RHP Terry Sterling
|
|
Batting: LHB Josh Slusarczyk
|
0-0: Ground out 4-3 (Groundball, 4, EV 105.6 MPH)
|
Top of the 7th over - 0 runs, 0 hits, 0 errors, 2 left on base; San Antonio 1 - Colorado (EL) 8 |
BOTTOM OF THE 7TH |
Colorado (EL) Rockies batting - Pitching for San Antonio Missions : RHP Chad Norris
|
Pinch Hitting: LHB Tom Bemis
|
0-0: Called Strike 0-1: Ball 1-1: Ball 2-1: Called Strike 2-2: Ball 3-2: Foul Ball, location: 2F 3-2: SINGLE (Line Drive, 8LS, EV 106.2 MPH)
|
Pinch Hitting: RHB Pei Xie
|
0-0: Ball 1-0: Ball 2-0: Swinging Strike 2-1: Foul Ball, location: 2F 2-2: Foul Ball, location: 2F 2-2: Strikes out swinging
|
Batting: RHB Yamashita Yagi
|
0-0: Ball 1-0: Ball 2-0: Foul Ball, location: 2F 2-1: Foul Ball, location: 2F 2-2: Foul Ball, location: 2F 2-2: Ball 3-2: Foul Ball, location: 2F 3-2: Fly out, F7 (Flyball, 7, EV 85.0 MPH)
|
Batting: LHB Iehohs Inatho
|
0-0: Ball 1-0: Ball 2-0: Called Strike 2-1: Called Strike 2-2: Strikes out looking
|
Bottom of the 7th over - 0 runs, 1 hit, 0 errors, 1 left on base; San Antonio 1 - Colorado (EL) 8 |
TOP OF THE 8TH |
San Antonio Missions batting - Pitching for Colorado (EL) Rockies : RHP Terry Sterling
|
Now at SS: Pei Xie
|
|
Now in LF: Chris Osting
|
|
Pinch Hitting: RHB John Freeman
|
0-0: Called Strike 0-1: Ball 1-1: Foul Ball, location: 2F 1-2: SINGLE (Flyball, 56D, EV 91.9 MPH)
|
Batting: RHB Freddie Brown
|
0-0: Ball 1-0: Ball 2-0: Ball 3-0: Base on Balls John Freeman to second
|
Batting: LHB Matt Patnaude
|
0-0: Foul Ball, location: 2F 0-1: Swinging Strike 0-2: Ball 1-2: Foul Ball, location: 2F 1-2: Ball 2-2: Ball 3-2: Foul Ball, location: 2F 3-2: Foul Ball, location: 2F 3-2: Foul Ball, location: 2F 3-2: Base on Balls John Freeman to third Freddie Brown to second
|
Batting: RHB Cesar Ortega
|
0-0: Ball 1-0: Foul Ball, location: 2F 1-1: Ball 2-1: Swinging Strike 2-2: Strikes out swinging
|
Batting: RHB Jaden Scott
|
0-0: SINGLE (Groundball, 56D, EV 93.8 MPH) John Freeman scores Freddie Brown to third Matt Patnaude to second Runner from 3rd tries for Home, SAFE, throw by LF to home
|
Batting: RHB Joe Weissman
|
0-0: Foul Ball, location: 2F 0-1: Foul Ball, location: 2F 0-2: Foul Ball, location: 2F 0-2: Ball 1-2: Ball 2-2: Fly out, F8 (Flyball, 78D, EV 101.2 MPH)
|
Pitching: LHP Kyle Mearkle
|
|
Batting: RHB Adrian Martinelli
|
0-0: Ball 1-0: DOUBLE (Line Drive, 5D, EV 94.4 MPH) Matt Patnaude scores Jaden Scott to third Runner from 3rd tries for Home, SAFE, no throw by LF
|
Batting: RHB David Aguilar
|
0-0: Called Strike 0-1: Ball 1-1: Foul Ball, location: 2F 1-2: Ball 2-2: Strikes out swinging
|
Top of the 8th over - 4 runs, 3 hits, 0 errors, 1 left on base; San Antonio 5 - Colorado (EL) 8 |
BOTTOM OF THE 8TH |
Colorado (EL) Rockies batting - Pitching for San Antonio Missions : RHP Chad Norris
|
Pitching: RHP Moby Cock
|
|
Now in CF: John Freeman
|
|
Batting: SHB Justin Jackson
|
0-0: Ball 1-0: Swinging Strike 1-1: SINGLE (Groundball, 56D, EV 104.4 MPH)
|
Batting: LHB Nick Martin
|
0-0: Bunted foul 0-1: Ball 1-1: Ball Justin Jackson is caught stealing 2nd base 2-6 2-1: Swinging Strike 2-2: DOUBLE (Flyball, 8RD, EV 92.5 MPH)
|
Batting: RHB Matviy Oliynyk
|
0-0: Ball Nick Martin steals 3rd base 1-0: Ball 2-0: Called Strike 2-1: Ball 3-1: Base on Balls
|
Batting: SHB Jeff Sorrels
|
0-0: Foul Ball, location: 2F 0-1: Called Strike 0-2: Ball 1-2: Ball 2-2: Strikes out swinging
|
Pitching: RHP Manny Bailon
|
|
Batting: LHB Daniel Green
|
0-0: Called Strike Matviy Oliynyk is caught stealing 2nd base 2-6
|
Bottom of the 8th over - 0 runs, 2 hits, 0 errors, 1 left on base; San Antonio 5 - Colorado (EL) 8 |
TOP OF THE 9TH |
San Antonio Missions batting - Pitching for Colorado (EL) Rockies : LHP Kyle Mearkle
|
Pitching: RHP Manny Lebron
|
|
Batting: LHB Josh Slusarczyk
|
0-0: SINGLE (Line Drive, 34D, EV 104.4 MPH)
|
Batting: RHB John Freeman
|
0-0: Ball 1-0: Ground out 6-3 (Groundball, 56, EV 103.8 MPH) Josh Slusarczyk to second
|
Batting: RHB Freddie Brown
|
0-0: Ball 1-0: Ball 2-0: Foul Ball, location: 2F 2-1: Foul Ball, location: 2F 2-2: SINGLE (Groundball, 56D, EV 96.2 MPH) Josh Slusarczyk to third
|
Batting: LHB Matt Patnaude
|
0-0: Called Strike 0-1: Grounds into double play, 4-6-3 (Groundball, 34, EV 81.2 MPH)
|
Top of the 9th over - 0 runs, 2 hits, 0 errors, 1 left on base; San Antonio 5 - Colorado (EL) 8 |
|